← All builds
Pond / Armada / Economy first / OBSERVED BUILD

Seeker hover raid

Armada Pond build order · Supreme Isthmus

Pond opens a Hovercraft Platform instead of Bot Lab, pushing Seeker hovercraft out from 4:05 to raid deep into the enemy base.

Usually pumps units (64%)

#raid #rush #amphibious · 33 distinct matches · 19 players · 2% of Armada Pond games · team won 58% of 33 · Recently observed

THE CATCH, AND WHAT COMES WITH IT
  • SeekerHover raid from 4:05 · 2% of role by thenFrom the Hovercraft Platform. Only 2% of Pond games have it by then; others who build it get it around 4:24
  • Hovercraft PlatformHovercraft Platform in 97%2% of all Pond games by then
  • SeekerSeeker in 58%1% of all Pond games by then

Where those units first fight, in 33 games with kill data: in the middle 73%, in the enemy base 15%, on their own side 12%.

Those units destroy a typical 1,748 metal of enemy units by 15:00.

HOW TO PLAY IT

Key timing: Hovercraft Platform by 3:18

  1. Open tidal-heavy eco instead of the usual lab-first economy.
  2. Rush the Hovercraft Platform straight off early tidals.
  3. Push Seeker hovercraft out to raid toward the enemy base.
  4. Reclaim the Hovercraft Platform once the raid runs its course.
  5. Pivot into Bot Lab and normal T2 constructor transition.

Phase by phase

TYPICAL OF ITS 33 GAMES · AGAINST STANDARD POND
  1. 1
  2. 2
  3. 3
PLAY THE OPENING

Follow the example game's first 6:00 step by step: what to build now, what comes next, and where it goes. At 1× it keeps pace with your own game.

  1. 1

    Up to the Hover raid

    Economy
    • Metal Extractor4Mex
    • Tidal Generator8Tidalfor allies
    • Wind Turbine7Wind
    • Tidal Generator1Tidal
    • Energy Storage1Energy storage
    Order
    1. Hovercraft PlatformHovercraft Platform after 4 mex, 6 wind, 1 energy storage
    2. SeekerHover raid after 4 mex, 7 wind, 1 energy storage

    Some games also: con hovercraft (48%)

    By 4:05 in all: 4 mex · 7 wind · 1 tidal · 1 energy storage

    The example game in this phase · 10 steps
    1. Tidal ×8for Suicide front
    2. Wind
    3. Mex ×4
    4. Wind ×2for Suicide front
    5. Energy storage
    6. Wind
    7. Windfor Suicide front
    8. Wind ×3
    9. Hovercraft PlatformHovercraft Platformdone 4:02 · typical 3:53
    10. SeekerSeekerdone 4:08
  2. 2

    Hover raid to Bot Lab

    Economy
    • Wind Turbine9Wind−12 vs standard
    Order
    1. Hovercraft PlatformEat Hovercraft Platform in 73% of games
    2. Bot LabBot Lab after 4 mex, 19 wind, 1 tidaldone ~8:04, middle half 6:25–11:06
    Builders
    • Construction Turret1 Con turret
    Army
    • Seeker17 Seeker +17 vs standard

    Some games also: con hovercraft (42%) · converter (33%)

    The standard build makes here, this one skips: 6 converter

    By 8:14 in all: 4 mex · 19 wind (standard 26) · 1 tidal · 1 energy storage · 1 con turret

    The example game in this phase · 20 steps
    1. Construction HovercraftCon hovercraft
    2. SeekerSeeker
    3. Converter
    4. SeekerSeeker ×12
    5. Wind
    6. SeekerSeeker ×3
    7. Wind
    8. SeekerSeeker ×2
    9. Wind
    10. PossumPossum
    11. Wind
    12. PossumPossum
    13. Wind
    14. PossumPossum
    15. Wind ×2
    16. SeekerSeeker
    17. Wind
    18. Hovercraft PlatformEat Hovercraft Platformreclaimed for its metal
    19. Advanced Metal ExtractorT2 mexdone 8:12 · typical 9:19
    20. Con turret
  3. 3

    Bot Lab to 10:00

    Some games also: wind (45%)

    The standard build makes here, this one skips: 10 wind

    By 10:00 in all: 4 mex · 24 wind (standard 38) · 1 tidal · 1 converter (standard 9) · 1 energy storage · 1 con turret

    The example game in this phase · 25 steps
    1. Advanced Metal ExtractorT2 mex ×2
    2. Con turret
    3. Advanced Metal ExtractorT2 mex
    4. GauntletGauntletdone 11:01
    5. Wind ×8
    6. Con turret
    7. ShipyardShipyarddone 11:27
    8. Wind ×4
    9. Construction ShipCon ship
    10. Fusion ReactorFusiondone 12:47
    11. Sneaky PeteSneaky Pete
    12. DolphinDolphin
    13. Construction ShipCon ship
    14. Naval Radar / Sonar TowerNaval Radar / Sonar Tower
    15. DolphinDolphin ×6
    16. Advanced ShipyardAdvanced Shipyarddone 13:07
    17. ShipyardEat Shipyardreclaimed for its metal
    18. MaelstromMaelstromnot finished by 15:00
    19. Con turret ×2
    20. T2 converter
    21. Con turret ×2
    22. T2 converter
    23. Con turret ×2
    24. ShipyardShipyarddone 14:44
    25. Construction ShipCon ship ×4

Counts are medians over the build's games: half of them build more, half fewer. The example game is gy0h6y's (33 OS, 25/09/2026); pick another.

Team trades

IN AT LEAST 30% OF ITS GAMES

You hand over

  • Tidal Generator8 Tidal to Suicide front or Frontfirst at 0:12 · in 70% of games

You get

  • Advanced Construction Bot1 T2 con bot from Techfirst at 7:32 · in 82% of games

How it plays out

Typical game of this build against the role’s standard build, running totals by minute

  • This build
  • Standard pond

Metal produced

010k20k30k
0:005:0010:0015:00

metal

Enemy metal destroyed

02k4k6k
0:005:0010:0015:00

metal

Own metal lost

02k4k
0:005:0010:0015:00

metal

33 games.

Show as table
ByMetal produced: This buildMetal produced: Standard pondEnemy metal destroyed: This buildEnemy metal destroyed: Standard pondOwn metal lost: This buildOwn metal lost: Standard pond
1:001151150000
2:003022680000
3:008808000000
4:00155214740000
5:00223121840000
6:00294329961300850
7:0038023916670213400
8:00490449521144170680120
9:005699622517763801105316
10:006814773920826111420553
11:008375967826228111800867
12:0010031120732654113222101296
13:0011630145462791154024651874
14:0013813174482807210330102493
15:0015975202014091257631453248
WHAT THE NUMBERS SAY

Team won the same share as the standard build, but this raid lost far more metal than it destroyed by 10:00.

  • + Destroys more enemy metal than standard by 10:00 (2166 vs 670)
  • + Hovercraft Platform live by 3:18 vs almost no one in role
  • − Own metal lost by 10:00 is 2348 vs 431 for standard
  • − Metal produced falls well behind standard by 15:00 (14103 vs 20997)
THE EXAMPLE YOU ARE READING

gy0h6y

32.6 OS · 25/09/2026

Open source match ↗

1 received units · includes a constructor
376 metal received · 53001 energy received

Allied construction assistance is unknown. Timings are observations, not a promise of solo reproducibility.

Typical milestones

Hovercraft Platform3:53Middle 50%: 3:40–4:10 · n=32
Bot Lab8:04Middle 50%: 6:25–11:06 · n=17
Advanced Metal Extractor9:19Middle 50%: 8:28–11:15 · n=27

Played most by

Rysica8games of this buildYogaBoy1584973games of this buildViltrum3games of this buildhaaven2games of this buildMrCoolPotato2games of this build